AoeStats
← HAMADY

MegaRandom

507186831Analyzed
4v4 RM · 16d ago on Sep 17, 2026· 33m 57s· 8 players
Game mode
Random Map
Map size
Large (8 player)
Population
200
Speed
Normal
Resources
Standard
Victory
Conquest
Starting age
Dark Age
Ending age
Imperial Age
RankedLock teamsTeams togetherTeam positionsShared explorationLock speedFull tech treeHidden civsTurbo modeCheats
Victory
Defeat
🇦🇷 Persians · Argentina
1320
+14
🇧🇷 Khmer · Brazil
1316
+15
🇦🇷 Franks · Argentina
1308
+15
🇦🇷 Inca · Argentina
1254
+17
🇯🇵 Saracens · Japan
1338
-18
🇩🇪 Burgundians · Germany
1285
-15
🇨🇳 Huns · China
1214
-12
我想给自己改个简单又不重复的名字
5:09 Loom
10:30 Feudal Age
10:23 Double-Bit Axe
12:09 Wheelbarrow
12:28 Horse Collar
15:31 Forging
19:14 Scale Barding Armor
21:11 Town Watch
24:52 Castle Age
25:09 Bow Saw
25:00 Heavy Plow
25:10 Husbandry
26:10 Gold Mining
28:05 Hand Cart
MEM
11:33 Feudal Age
13:41 Loom
17:48 Castle Age
16:14 Double-Bit Axe
21:47 Bow Saw
24:46 Scale Barding Armor
24:52 Forging
29:31 Cavalier
32:22 Wheelbarrow
HAMADY
6:46 Loom
9:46 Feudal Age
10:42 Double-Bit Axe
10:41 Horse Collar
18:52 Wheelbarrow
19:36 Scale Barding Armor
21:20 Town Watch
24:35 Castle Age
23:58 Bloodlines
23:59 Forging
26:12 Chain Barding Armor
32:35 Iron Casting
帝国小牛
6:20 Loom
8:50 Feudal Age
12:46 Scale Barding Armor
12:51 Forging
16:08 Double-Bit Axe
23:39 Castle Age
23:31 Fletching
23:42 Padded Archer Armor
25:18 Gold Mining
25:40 Bow Saw
26:43 Bodkin Arrow
28:56 Leather Archer Armor
30:52 Thumb Ring
33:14 Stone Mining
34:00 Gold Shaft Mining
l3av3x
7:37 Loom
9:43 Feudal Age
10:19 Double-Bit Axe
10:41 Horse Collar
13:53 Scale Barding Armor
16:23 Forging
21:48 Castle Age
21:02 Scale Mail Armor
20:57 Gold Mining
21:19 Bloodlines
24:18 Bow Saw
25:16 Husbandry
25:49 Town Watch
27:21 Chain Barding Armor
ChowniMonrrow
4:05 Loom
9:43 Feudal Age
10:10 Double-Bit Axe
10:16 Horse Collar
12:29 Forging
22:00 Castle Age
20:30 Scale Barding Armor
27:49 Chain Barding Armor
30:31 Wheelbarrow
29:41 Town Watch
33:51 Bloodlines
Vinago
7:05 Loom
10:26 Feudal Age
15:52 Castle Age
14:26 Gold Mining
15:22 Stone Mining
17:23 Squires
18:31 Double-Bit Axe
21:20 Scale Mail Armor
25:17 Forging
25:46 Arson
26:30 Chain Mail Armor
29:25 Iron Casting
28:22 Pikeman
GT_22
6:41 Loom
10:43 Feudal Age
12:55 Forging
13:55 Double-Bit Axe
16:23 Scale Barding Armor
23:17 Castle Age
22:42 Gold Mining
25:35 Iron Casting
25:13 Stone Mining
28:08 Fletching
30:53 Bodkin Arrow
Connection lost

Rejoining the realm…

Still unreachable

The connection could not be restored.

Session expired

The server has moved on; the page needs a fresh start.